Unix NetHack Version 5.0.0-0 post-release - last build May 31 2026 23:59:36 (970b52f25bf058293b47ddfd14a1e40e571c508c,branch:main).

Game began 2026-06-05 16:20:35, ended 2026-06-07 16:39:21.

Enkindle23, lawful female human Monk

             ---------
             |.......|
             ........|
             |........
             |.@a....|
             +........
             ---------

Enkindle23 the Initiate         St:17 Dx:14 Co:11 In:10 Wi:16 Ch:9  Lawful
Dlvl:9  $:935 HP:0(51) Pw:52(52) AC:2  Xp:7 T:3359  Burdened

Latest messages:
 You avoid harm.
 You hit the fire ant!
 The fire ant bites!
 The fire ant bites again!
 You avoid harm.
 You miss the fire ant.
 The fire ant bites!
 The fire ant bites again!
 You avoid harm.
 The fire ant bites!
 The fire ant misses!
 What do you want to drink? [exPR or ?*] ?
 You feel better.
 The fire ant bites!
 The fire ant bites again!
 You avoid harm.
 The fire ant bites!
 The fire ant bites again!
 You avoid harm.
 The fire ant misses!
 The fire ant bites!
 You avoid harm.
 You hit the fire ant!
 The fire ant just misses!
 The fire ant bites!
 You avoid harm.
 You hit the fire ant!
 The fire ant bites!
 The fire ant bites again!
 You avoid harm.
 The fire ant misses!
 The fire ant bites!
 You avoid harm.
 You miss the fire ant.
 The fire ant bites!
 The fire ant misses!
 The fire ant bites!
 The fire ant bites again!
 You avoid harm.
 You hit the fire ant!
 The fire ant bites!
 The fire ant bites again!
 You avoid harm.
 The fire ant bites!
 You die...
 Do you want your possessions identified? [ynq] (y) y
 Do you want to see your attributes? [ynq] (y) y
 Do you want an account of creatures vanquished? [ynaq] (y) y
 Do you want to see your conduct and achievements? [ynq] (y) y
 Do you want to see the dungeon overview? [ynq] (y) y

Inventory:
 Coins    ('$')
  $ - 935 gold pieces
 Amulets  ('"')
  o - an uncursed amulet versus poison
 Weapons  (')')
  l - 11 +0 darts
  w - 7 cursed -1 darts
  T - 19 +0 shuriken (at the ready)
 Armor    ('[')
  H - a blessed +0 elven leather helm (being worn)
  L - an uncursed +0 elven leather helm
  W - an uncursed +0 elven leather helm
  a - an uncursed +2 pair of leather gloves (being worn)
  I - an uncursed +0 pair of elven boots
  O - an uncursed +0 pair of fumble boots
  C - an uncursed +0 pair of jumping boots
  N - an uncursed +0 pair of kicking boots (being worn)
  n - an uncursed +0 cloak of protection (being worn)
  b - an uncursed +1 robe
 Comestibles  ('%')
  g - 15 uncursed apples
  f - 5 uncursed food rations
  S - an uncursed partly eaten food ration
  c - 2 cursed food rations
  k - an uncursed lembas wafer
  h - 5 uncursed oranges
 Scrolls  ('?')
  V - an uncursed scroll of earth
  Q - a cursed scroll of identify
  i - a blessed scroll of punishment
  t - an uncursed scroll of punishment
 Potions  ('!')
  e - a cursed potion of healing
  P - a potion of holy water
  R - 2 uncursed potions of water
 Rings    ('=')
  M - an uncursed +5 ring of gain strength
  D - an uncursed ring of levitation
 Wands    ('/')
  X - a wand of cancellation (0:6)
  u - a wand of create monster (0:12)
  J - a wand of create monster (0:11)
  G - a wand of digging (0:8)
  p - a wand of digging (0:4)
  q - a cursed wand of locking (0:4)
  j - a cursed wand of magic missile (0:0)
  K - a wand of secret door detection (0:15)
  s - a cursed wand of striking (0:3)
 Tools    ('(')
  r - an uncursed bag of holding containing 14 items
  d - a horn of plenty (0:5)
  F - an uncursed blindfold
  A - an uncursed lock pick
  B - a cursed magic marker (0:30)
  v - an uncursed oil lamp
  E - a cursed saddle
  z - an uncursed tin whistle
  y - a cursed tin whistle
  m - a blessed wax candle
 Gems/Stones  ('*')
  Z - an uncursed jasper stone

Contents of the bag of holding:
  2 uncursed scrolls of create monster
  an uncursed scroll of gold detection
  a blessed scroll of identify
  4 uncursed scrolls of identify
  an uncursed scroll of magic mapping
  a blessed scroll of stinking cloud
  a blessed spellbook of confuse monster
  an uncursed spellbook of create monster
  an uncursed aquamarine stone
  an uncursed sapphire
  2 uncursed worthless pieces of blue glass
  3 uncursed worthless pieces of white glass
  an uncursed worthless piece of yellow glass
  an uncursed worthless piece of yellowish brown glass

Enkindle23 the Monk's attributes:

Background:
 You were an Initiate, a level 7 female human Monk.
 You were lawful, on a mission for Shan Lai Ching
 who was opposed by Chih Sung-tzu (neutral) and Huan Ti (chaotic).
 You were right-handed.
 You were in the Dungeons of Doom, on level 9.
 You entered the dungeon 3359 turns ago.
 You had 925 experience points, 355 more were needed to attain level 8.

Basics:
 You had 0 out of 51 hit points.
 You had all 52 energy points (spell power).
 Your armor class was 2.
 Your wallet contained 935 zorkmids.
 Autopickup was off.

Final Characteristics:
 Your strength was 17 (limit:18/100).
 Your dexterity was 14 (limit:18).
 Your constitution was 11 (limit:18).
 Your intelligence was 10 (limit:18).
 Your wisdom was 16 (limit:18).
 Your charisma was 9 (limit:18).

Final Status:
 You weren't hungry.
 You were burdened; movement was slightly slowed.
 You were empty handed.
 You had basic skill with martial arts and could have enhanced that.

Final Attributes:
 You were piously aligned.
 You were sleep resistant.
 You were poison resistant.
 You saw invisible.
 You were telepathic.
 You were warned.
 You were stealthy.
 You were protected.
 You were fast.
 You are dead.

Miscellaneous:
 You encountered 3 bones levels.
 Total elapsed playing time was 2 hours and 1 minute.

Major events:
 Turn
    1: Enkindle23 the lawful female human Monk entered the dungeon
  651: entered the Gnomish Mines
  731: attained the rank of Novice (level 3)
 1043: reached Mine Town
 1577: attained the rank of Initiate (level 6)
 3359: killed by a fire ant

Spells:
 Name                 Level Category     Fail Retention
 confuse monster        1   enchantment   38%  76%-100%

Skills:
 Fighting Skills
   martial arts       [Basic]
 Weapon Skills
   quarterstaff       [Unskilled]
   spear              [Unskilled]
   crossbow           [Unskilled]
   shuriken           [Unskilled]
 Spellcasting Skills
   attack spells      [Unskilled]
   healing spells     [Basic]
   divination spells  [Unskilled]
   enchantment spells [Unskilled]
   clerical spells    [Unskilled]
   escape spells      [Unskilled]
   matter spells      [Unskilled]

Voluntary challenges:
 Character rerolling was not enabled.
 You never hit with a wielded weapon.
 You never genocided any monsters.
 You never polymorphed an object.
 You never changed form.
 You used no wishes.
Achievements:
 You entered a shop.
 You entered the Gnomish Mines.
 You attained the rank of Novice.
 You entered Minetown.
 You entered a temple.
 You attained the rank of Initiate.

 The Dungeons of Doom: levels 1 to 9
    Level 1:
       A fountain.
    Level 2:
       A general store, a fountain.
       Stairs down to The Gnomish Mines.
    Level 3:
    Level 4:
       A weapon shop, many fountains.
    Level 5:
    Level 6:
       Final resting place for
          pots164-Kni-Hum-Mal-Law, killed by falling down a mine shaft.
    Level 7:
       Some fountains.
    Level 8:
    Level 9: <- You were here.
       Final resting place for
          you, killed by a fire ant.
 The Gnomish Mines: levels 3 to 6
    Level 3:
    Level 4:
       A grave.
       Final resting place for
          noobert14-Val-Dwa-Fem-Law, killed by a giant ant.
    Level 5:
       Some shops, a temple and an altar, many fountains, a grave.
       Final resting place for
          Drastanta-Kni-Hum-Mal-Law, killed by a Woodland-elf.
    Level 6:


Vanquished creatures:
  a ghost
  3 small mimics
  a gnome ruler
 an orc mummy
  a brown pudding
  3 Woodland-elves
  a fire ant
  a bugbear
  4 fog clouds
  a yellow light
  3 gnome leaders
  a kobold mummy
  a gray ooze
  6 giant ants
  a floating eye
  a kitten
  2 dwarves
  a kobold leader
  a rothe
  a wererat
  a werejackal
  2 iguanas
  9 killer bees
 an acid blob
  a hobbit
  a hobgoblin
  4 giant rats
  a cave spider
  8 gnomes
  3 geckos
  a kobold
  a goblin
  2 sewer rats
  5 grid bugs
  a bat
  4 lichens
  7 newts
87 creatures vanquished.

No species were genocided or became extinct.

Game over:
                       ----------
                      /          \
                     /    REST    \
                    /      IN      \
                   /     PEACE      \
                  /                  \
                  |    Enkindle23    |
                  |      935 Au      |
                  | killed by a fire |
                  |       ant        |
                  |                  |
                  |                  |
                  |       2026       |
                 *|     *  *  *      | *
        _________)/\\_//(\/(/\)/\//\/|_)_______

Goodbye Enkindle23 the Monk...

You died in The Dungeons of Doom on dungeon level 9 with 4942 points,
and 935 pieces of gold, after 3359 moves.
You were level 7 with a maximum of 51 hit points when you died.

